 Dungeon Crawl Stone Soup version 0.27.1-33-g824d729ab1 (webtiles) character file.

Game seed: 160609552575325158

338 pkoi the Charlatan (level 6, -18/47 HPs)
             Began as a Draconian Artificer on Dec 30, 2021.
             Demolished by an ogre (32 damage)
             ... on level 5 of the Dungeon.
             The game lasted 00:07:09 (4614 turns).

pkoi the Charlatan (Draconian Artificer)            Turns: 4614, Time: 00:07:10

Health: -18/47     AC:  8    Str: 14    XL:     6   Next: 29%
Magic:  15/15      EV: 12    Int: 13    God:
Gold:   197        SH:  0    Dex: 12    Spells: 5/5 levels left

rFire    . . .     SeeInvis .   v - +0 scythe (venom)
rCold    + . .     Faith    +   (shield currently unavailable)
rNeg     . . .     Spirit   .   (armour unavailable)
rPois    .         Reflect  .   (helmet restricted)
rElec    .         Harm     .   (no cloak)
rCorr    .         Rampage  .   q - +1 pair of gloves
Will     .....                  (no boots)
Stlth    +.........             h - amulet of faith
HPRegen  0.15/turn              j - ring of protection from cold
MPRegen  0.14/turn              n - ring of magical power

@: no status effects
A: AC +6, unfitting armour, cold-blooded
a: no special abilities


You were on level 5 of the Dungeon.
You visited 1 branch of the dungeon, and saw 5 of its levels.

You collected 197 gold pieces.

Inventory:

Hand Weapons
 a - a +0 club
 e - a +0 whip
 o - a +0 falchion
 s - a +1 whip of freezing
 u - a +2 whip of flaming
 v - a +0 scythe of venom (weapon)
Missiles
 f - 11 poisoned darts
 p - 5 silver boomerangs
Armour
 q - a +1 pair of gloves (worn)
Jewellery
 h - an amulet of faith (around neck)
 j - a ring of protection from cold (left hand)
 n - a ring of magical power (right hand)
Wands
 b - a wand of flame (6) (quivered)
 c - a wand of charming (5)
 i - a wand of polymorph (7)
Scrolls
 m - a scroll of identify
 t - a scroll of amnesia
Potions
 g - a potion of brilliance
 k - 2 potions of haste
 l - a potion of attraction {unknown}
 r - 2 potions of flight
Miscellaneous
 d - a piece from Xom's chessboard (13/15)


   Skills:
 - Level 1.1 Fighting
 - Level 2.1 Dodging
 - Level 0.8 Stealth
 * Level 4.8 Unarmed Combat
 + Level 5.0 Evocations


You had 5 spell levels left.
You didn't know any spells.
Your spell library contained the following spells:

 Spells                   Type           Power      Damage    Failure   Level
 Magic Dart               Conj           0%         1d3       30%         1
 Searing Ray              Conj           0%         3d3       43%         2
 Fulminant Prism          Conj/Hex       0%         3d6       97%         4


Dungeon Overview and Level Annotations

Branches:
Dungeon (5/15)
 Temple: D:4-7

Altars:
Vehumet
Zin


Innate Abilities, Weirdness & Mutations

Your plain brown scales are hard. (AC +6)
You cannot fit into any form of body armour.
You are cold-blooded and may be slowed by cold attacks.


Message History

v - a +0 scythe of venom (weapon)
Magic restored.
You open the door.
There is an open door here.
You now have 197 gold pieces (gained 8).
You open the door.
A shadow imp comes into view.
The shadow imp shouts!
The shadow imp gestures at you. Pain shoots through your body!
There is an open door here.
You are too injured to fight recklessly!
You are too injured to fight recklessly!
You are too injured to fight recklessly!
You are too injured to fight recklessly!
You close the door.
You start resting.
An ogre comes into view. It is wielding a +0 giant spiked club.
You barely miss the shadow imp.
The ogre shouts!
Your tail-slap misses the shadow imp.
The shadow imp barely misses you.
The shadow imp hits you but does no damage.
You barely miss the shadow imp. The shadow imp hits you.
The shadow imp barely misses you.
You make a move on Xom's chessboard...
The ogre flickers and vanishes!
Deactivating autopickup; reactivate with Ctrl-A.
Something hits you!
* * * LOW HITPOINT WARNING * * *
The shadow imp shouts, "Back with thee, thou quaking knotty-pated wormtrail!"
The shadow imp hits you but does no damage.
Unknown command.
You make a move on Xom's chessboard...
The shadow imp seems to grow stronger.
Something hits you but does no damage. The shadow imp hits you.
* * * LOW HITPOINT WARNING * * *
Unknown command.
Okay, then.
Unknown command.
Something hits you!!
Ouch! That really hurt!
You die...

#........ #........
#........ ####
#......# #...
+......+ ..##...
#####......#
.......##...#......#
.......5.{..'....<.#
.......#.@..#......#
..##...#....#......#
#...##...#...[..#
..... #...#......#
...... ....#......#
.......#....#......#
.......#....#.^....#
###..#......#
#......#


You could see a shadow imp (strong).

Vanquished Creatures
  Sigmund (D:5)
  A water moccasin skeleton (D:4)
  A gnoll shaman (D:4)
  2 gnolls (D:4)
  A dart slug (D:3)
  9 orcs
  6 bats
  6 endoplasms
  4 giant cockroaches
  4 goblins (D:1)
  4 hobgoblins
  2 jackals (D:4)
  7 kobolds
  7 quokkas
  5 ball pythons
  4 frilled lizards
  14 rats
78 creatures vanquished.

Vanquished Creatures (collateral kills)
  A gnoll (D:4)
  An orc (D:3)
  A hobgoblin (D:1)
3 creatures vanquished.

Vanquished Creatures (others)
  2 gnolls (D:4)
  An orc (D:3)
  2 plants (D:1)
5 creatures vanquished.

Grand Total: 86 creatures vanquished

Notes
Turn   | Place    | Note
-------+----------+-------------------------------------------
     0 | D:1      | pkoi the Draconian Artificer began the quest for the Orb.
     0 | D:1      | Reached XP level 1. HP: 16/16 MP: 1/1
   325 | D:1      | Reached skill level 1 in Unarmed Combat
   338 | D:1      | Reached XP level 2. HP: 13/23 MP: 2/2
  1051 | D:1      | Reached XP level 3. HP: 28/28 MP: 3/3
  1446 | D:1      | Found a faded altar of an unknown god.
  2774 | D:3      | Reached skill level 4 in Evocations
  3163 | D:3      | Reached XP level 4. HP: 35/35 MP: 4/4
  3670 | D:4      | Found a radiant altar of Vehumet.
  3703 | D:4      | Noticed an ogre
  3938 | D:4      | Reached XP level 5. HP: 21/40 MP: 5/5
  4126 | D:4      | Found a glowing silver altar of Zin.
  4465 | D:5      | Entered Level 5 of the Dungeon
  4465 | D:5      | Noticed Sigmund
  4578 | D:5      | Killed Sigmund
  4579 | D:5      | Reached skill level 5 in Evocations
  4579 | D:5      | Reached XP level 6. HP: 47/47 MP: 6/6
  4614 | D:5      | Demolished by an ogre

Illustrated notes

Levels and vault maps discovered:
D:1:      mrwooster_arrival_arrow, layout_rooms,
          dilly_ecumenical_altar_fadedgnrine, minmay_misc_feat_pillars,
          minmay_rat_gold_closets
D:2:      layout_loops_cross
D:3:      layout_loops_ring
D:4:      layout_cave_pods, mainiacjoe_overflow_surrounded_room,
          nicolae_vehumet_radiance
D:5:      layout_gridville, mainiacjoe_overflow_boulevard,
          grunt_gozag_breadcrumbs, uniq_sigmund, uniq_crazy_yiuf_cottage

Skill      XL: |  1  2  3  4  5 |
---------------+----------------+-----
Unarmed Combat | 1 2 3 4 |  4.8
Evocations     | 4 5 |  5.0
Fighting       | |  1.1
Dodging        | |  2.1
Stealth        | |  0.8

Action                   |  1- 3 |  4- 6 || total
-------------------------+-------+-------++-------
Melee: Whip              |   198 |    59 ||   257
       Club              |     6 |       ||     6
       Tailslap          |    22 |    15 ||    37
       Unarmed           |       |    36 ||    36
       Punch             |       |     3 ||     3
       Scythe            |       |     2 ||     2
Evoke: Wand              |     7 |    12 ||    19
       Piece from Xom's  |       |     5 ||     5
  Use: Potion            |     3 |       ||     3
       Scroll            |     1 |     6 ||     7
 Stab: Sleeping          |     6 |     1 ||     7
       Paralysed         |       |    13 ||    13
Armor: Skin              |    78 |    33 ||   111
Dodge: Dodged            |   149 |    67 ||   216
